 Dungeon Crawl Stone Soup version 0.23-a0-448-g1c01f63 (webtiles) character file.

2 Cryolive the Digger (level 1, -1/10 HPs)
             Began as a Gargoyle Earth Elementalist on Nov 19, 2018.
             Killed from afar by a dart slug (4 damage)
             ... with a slug dart
             ... on level 1 of the Dungeon.
             The game lasted 00:01:09 (94 turns).

Cryolive the Digger (Gargoyle Earth Elementalist)     Turns: 94, Time: 00:01:10

Health: -1/10      AC:  4    Str: 11    XL:     1   Next: 40%
Magic:  3/3        EV: 12    Int: 15    God:
Gold:   0          SH:  0    Dex: 10    Spells: 3/4 levels left

rFire    . . .     SeeInvis .   a - +0 dagger
rCold    . . .     Gourm    .   (no shield)
rNeg     + . .     Faith    .   c - +0 robe
rPois    ∞         Spirit   .   (no helmet)
rElec    +         Reflect  .   (no cloak)
rCorr    .         Harm     .   (no gloves)
MR       .....                  (no boots)
Stlth    ++........             (no amulet)
HPRegen  0.03/turn              (no ring)
MPRegen  0.08/turn              (no ring)

@: no status effects
A: negative energy resistance 1, electricity resistance, unbreathing,
petrification resistance, rot immunity, AC +2
a: no special abilities


You were on level 1 of the Dungeon.
You were not hungry.

You visited 1 branch of the dungeon, and saw 1 of its levels.

Inventory:

Hand Weapons
 a - a +0 dagger (weapon)
Missiles
 b - 60 stones (quivered)
Armour
 c - a +0 robe (worn)
Scrolls
 e - a scroll of magic mapping {unknown}
Potions
 f - a potion of lignification {unknown}
Comestibles
 d - a ration


   Skills:
 + Level 0.1 Fighting
 + Level 0.1 Armour
 + Level 1.6 Dodging
 - Level 2.1 Stealth
 + Level 2.0 Spellcasting
   Level 0.7 Transmutations
 + Level 3.6 Earth Magic


You had 3 spell levels left.
You knew the following spells:

 Your Spells              Type           Power        Failure   Level  Hunger
a - Sandblast             Erth           ##....       4%          1    #......

Your spell library contained the following spells:

 Spells                   Type           Power        Failure   Level  Hunger
 Passwall                 Tmut/Erth      #.......     14%         2    ###....
 Stone Arrow              Conj/Erth      #.....       30%         3    ###....
 Petrify                  Tmut/Erth      #.......     65%         4    #####..
 Lee's Rapid Deconstruct  Erth           ##........   80%         5    ######.


Dungeon Overview and Level Annotations

Branches:
Dungeon (1/15)

Altars:


Innate Abilities, Weirdness & Mutations

You are resistant to torment.
Your stone body is resilient. (AC +2)
You are immune to poison.
You resist negative energy. (rN+)
You are resistant to electric shocks. (rElec)
You can survive without breathing.
You are immune to petrification.
You are immune to rotting.


Message History

You are too injured to fight recklessly!
You are too injured to fight recklessly!
You are too injured to fight recklessly!
You are too injured to fight recklessly!
You are too injured to fight recklessly!
You are too injured to fight recklessly!
You are too injured to fight recklessly!
You are too injured to fight recklessly!
You are too injured to fight recklessly!
You are too injured to fight recklessly!
You are too injured to fight recklessly!
You are too injured to fight recklessly!
You are too injured to fight recklessly!
You are too injured to fight recklessly!
You are too injured to fight recklessly!
You hit the dart slug.
The dart slug is heavily wounded.
The dart slug launches a dart at you. The slug dart hits you!
You die...

#...............⌠..≈≈≈
#..............⌠..≈≈≈
#.[..............≈≈≈≈
#...............≈≈≈#'
#...............≈≈≈'.
#...............≈≈≈'.
#...............≈≈≈#'
#.?......###....≈≈≈≈≈
##..@.....##....≈≈≈≈≈
#...w....# ....≈≈≈≈≈
#........# .........
#........# ##.......
........... ........
............ ...##...
#....?.......
##...........


You could see a dart slug.

Vanquished Creatures
  A kobold (D:1)
  A bat (D:1)
  A frilled lizard (D:1)
3 creatures vanquished.

Notes
Turn   | Place    | Note
-------+----------+-------------------------------------------
     0 | D:1      | Cryolive the Gargoyle Earth Elementalist began the quest
                  | for the Orb.
     0 | D:1      | Reached XP level 1. HP: 10/10 MP: 3/3
    94 | D:1      | Killed from afar by a dart slug

Vault maps used:
D:1:      dpeg_arrival_castle, hex_large

Action                   || total
-------------------------++-------
Melee: Unarmed           ||     9
       Dagger            ||     8
Armor: Robe              ||     8
Dodge: Dodged            ||    11

Table legend:
 A = Non-vault XP
 B = Vault XP
 C = Vault XP percentage of total XP
 D = Non-vault monster count
 E = Vault monster count
 F = Vault count percentage of total count
                 A         B        C        D         E       F
            +---------+---------+-------+---------+---------+-------
      Total |       4 |       0 |   0.0 |       3 |       0 |   0.0
            +---------+---------+-------+---------+---------+-------
        D:1 |       4 |       0 |   0.0 |       3 |       0 |   0.0
            +---------+---------+-------+---------+---------+-------
